 Dungeon Crawl Stone Soup version 0.28.0-49-g6dfe1f597d (webtiles) character file.

Game seed: 16166451875469925115

225 Zeld the Changer (level 6, -1/38 HPs)
             Began as an Octopode Transmuter on May 15, 2022.
             Was an Initiate of Ashenzari.
             Killed by miscasting Ice Form (11 damage)
             ... on level 4 of the Dungeon.
             The game lasted 00:02:33 (3942 turns).

Zeld the Changer (Octopode Transmuter)              Turns: 3942, Time: 00:02:33

Health: -1/38      AC:  1    Str: 11    XL:     6   Next: 1%
Magic:  3/11       EV: 13    Int: 15    God:    Ashenzari [......]
Gold:   50         SH:  0    Dex: 13    Spells: 1/11 levels left

rFire   . . .      SeeInvis .     - Unarmed
rCold   . . .      Faith    .   (no shield)
rNeg    . . .      Spirit   .   (helmet currently unavailable)
rPois   .          Reflect  .   (no amulet)
rElec   .          Harm     .   (no ring)
rCorr   .          Rampage  .   (no ring)
Will    .....                   (no ring)
Stlth   +++.......              (no ring)
HPRegen 0.12/turn               (no ring)
MPRegen 0.12/turn               (no ring)
                                (no ring)
                                (no ring)

@: lethally poisoned (-1 -> -7), appendages, very slightly contaminated
A: tentacle spike 3, almost no armour, amphibious, 8 rings, camouflage 1,
gelatinous body 1, (nimble swimmer 1), tentacles
a: End Transformation, Renounce Religion, Curse Item


You were on level 4 of the Dungeon.
You worshipped Ashenzari.
Ashenzari was noncommittal.
One of your tentacles had grown a beastly spike.
You visited 1 branch of the dungeon, and saw 4 of its levels.

You collected 110 gold pieces.
You spent 60 gold pieces at shops.

Inventory:

Scrolls
 a - a scroll of blinking {unknown}
 c - a scroll of holy word {unknown}
 f - a scroll of enchant armour {unknown}
 g - a scroll of magic mapping {unknown}
 k - a scroll of brand weapon {unknown}
 l - a scroll of identify {unknown}
 o - a scroll of fear {unknown}
Potions
 b - a potion of curing {unknown}
 d - a potion of haste {unknown}
 e - 2 potions of mutation {unknown}
 h - a potion of invisibility {unknown}
 i - a potion of ambrosia {unknown}
 j - a potion of degeneration {unknown}
 m - 2 potions of flight {unknown}
 n - a potion of magic {unknown}


   Skills:
 - Level 1.0 Fighting
 - Level 2.0 Dodging
 + Level 2.7 Stealth
 - Level 3.0 Unarmed Combat
 * Level 3.3 Spellcasting
 * Level 3.7 Transmutations
 + Level 1.7 Ice Magic
 - Level 2.0 Poison Magic


You had one spell level left.
You knew the following spells:

 Your Spells              Type           Power      Damage    Failure   Level
a - Beastly Appendage     Tmut           26%        N/A       4%          1
b - Wereblood             Tmut           13%        N/A       6%          2
c - Spider Form           Tmut/Pois      11%        N/A       19%         3
d - Ice Form              Ice/Tmut       10%        N/A       52%         4

Your spell library contained the following spells:

 Spells                   Type           Power      Damage    Failure   Level
 Animate Skeleton         Necr           4%         N/A       19%         1
 Apportation              Tloc           4%         N/A       19%         1
 Summon Small Mammal      Summ           8%         N/A       19%         1
 Sublimation of Blood     Necr           2%         N/A       28%         2
 Summon Hydra             Summ           1%         N/A       100%        7


Dungeon Overview and Level Annotations

Branches:
Dungeon (4/15)
 Temple: D:4-7

Altars:
Ashenzari

Shops:
D:2 *


Innate Abilities, Weirdness & Mutations

One of your tentacles has grown a beastly spike.
You cannot wear most types of armour.
You are amphibious.
You can wear up to eight rings at the same time.
Your skin changes colour to match your surroundings (Stealth+).
Your rubbery body absorbs attacks. (AC +1, EV +1)
((You are camouflaged when in or above water. (Stealth+)))
You have tentacles for arms and can constrict up to eight enemies at once.


Message History

There is an open door here.
There is a stone staircase leading down here.
You climb downwards.
There is a stone staircase leading up here.
You now have 29 gold pieces (gained 14).
You now have 41 gold pieces (gained 12).
You now have 50 gold pieces (gained 9).
A kobold comes into view.
It is wielding a +0 whip and quivering poisoned darts.
A kobold is nearby!
A kobold is nearby!
Casting: Beastly Appendage (safe; 4% risk of failure)
Confirm with . or Enter, or press ? or * to list all spells.
One of your tentacles grows a vicious spike.
A water moccasin comes into view.
Found a scroll labelled GAOS FOOTUXZUSI.
The kobold shouts!
The water moccasin hisses angrily.
A giant cockroach comes into view.
You closely miss the water moccasin. Your grab misses the water moccasin.
Your squeeze misses the water moccasin. The water moccasin bites you.
You are poisoned.
The water moccasin poisons you!
Unknown command.
You feel very sick. The water moccasin bites you!
Casting: Beastly Appendage (safe; 4% risk of failure)
Confirm with . or Enter, or press ? or * to list all spells.
The spell is extremely dangerous to miscast (52% risk of failure)!
Continue anyway?
You miscast Ice Form.
You are very lightly contaminated with residual magic.
Multicoloured lights dance before your eyes.
You feel very sick. The water moccasin closely misses you.
You feel sick. The water moccasin bites you.
* * * LOW HITPOINT WARNING * * *
Casting: Ice Form (extremely dangerous; 52% risk of failure)
Confirm with . or Enter, or press ? or * to list all spells.
The spell is extremely dangerous to miscast (52% risk of failure)!
Continue anyway?
You miscast Ice Form.
You are caught in an explosion of ice and frost!
You die...

#..........
#.#...###### #.
##..# # #..## #.#.#
#.#.## # ####....#
.#
.........#######..#
...####......S@K..#
##...........###..#
.####.......K...#
#...##B##...#
#...##.# ..#
#....... ...
##..##.## ##
#..##.# .?. ...


You could see a water moccasin and a kobold.

Vanquished Creatures
  Crazy Yiuf (D:2)
  Natasha (thrice) (D:3)
  7 adders
  3 worms (D:2)
  3 ball pythons
  4 endoplasms
  A giant cockroach (D:1)
  4 goblins
  3 hobgoblins (D:1)
  6 jackals (D:1)
  2 quokkas (D:2)
  7 bats
  2 frilled lizards (D:1)
  5 kobolds
  7 rats
58 creatures vanquished.

Vanquished Creatures (others)
  A fungus (D:2)
1 creature vanquished.

Grand Total: 59 creatures vanquished

Notes
Turn   | Place    | Note
-------+----------+-------------------------------------------
     0 | D:1      | Zeld the Octopode Transmuter began the quest for the Orb.
     0 | D:1      | Reached XP level 1. HP: 13/13 MP: 3/3
   332 | D:1      | Reached XP level 2. HP: 14/18 MP: 5/5
   335 | D:1      | Learned a level 2 spell: Wereblood
   589 | D:1      | Found a faded altar of an unknown god.
   832 | D:1      | Reached XP level 3. HP: 23/23 MP: 6/6
   837 | D:1      | Reached skill level 1 in Stealth
   840 | D:1      | Reached skill level 1 in Poison Magic
   847 | D:1      | Learned a level 3 spell: Spider Form
  1566 | D:2      | Found Ifoda's Assorted Antiques.
  1595 | D:2      | Bought a fuming golden potion for 18 gold pieces
  1726 | D:2      | Reached skill level 1 in Ice Magic
  1726 | D:2      | Reached XP level 4. HP: 22/28 MP: 5/8
  2123 | D:2      | Found a broken altar of Ashenzari.
  2200 | D:2      | Became a worshipper of Ashenzari the Shackled
  2257 | D:2      | Bought a scroll labelled JECOIH UBLAU for 21 gold pieces
  2684 | D:2      | Found a runed translucent door.
  2685 | D:2      | Noticed Crazy Yiuf
  2694 | D:2      | Killed Crazy Yiuf
  2695 | D:2      | Reached XP level 5. HP: 16/33 MP: 4/9
  2703 | D:2      | Learned a level 4 spell: Ice Form
  3168 | D:3      | Noticed Natasha
  3174 | D:3      | Killed Natasha
  3355 | D:3      | Noticed Natasha
  3364 | D:3      | Killed Natasha
  3577 | D:3      | Noticed Natasha
  3585 | D:3      | Killed Natasha
  3655 | D:3      | Reached XP level 6. HP: 38/38 MP: 11/11
  3724 | D:2      | Bought a scroll labelled UWE VUBLEYK for 21 gold pieces
  3934 | D:4      | Noticed a water moccasin
  3942 | D:4      | Killed by miscasting Ice Form

Illustrated notes

Levels and vault maps discovered:
D:1:      dpeg_arrival_line_fractal, layout_rooms, basic_ecumenical_altar
D:2:      layout_loops_corners, basic_altar, serial_shops,
          nicolae_shop_advertising_works [nicolae_subvault_shop_adworks],
          uniq_crazy_yiuf_cottage
D:3:      layout_basic, uniq_natasha
D:4:      layout_loops_ring, chequers_avenue, minmay_stone_trees_large

Skill      XL: |  1  2  3  4  5 |
---------------+----------------+-----
Stealth        | 1 2 |  2.7
Poison Magic   | 1 2 |  2.0
Ice Magic      | 1 |  1.7
Transmutations | 3 |  3.7
Spellcasting   | 3 |  3.3
Fighting       | |  1.0
Dodging        | |  2.0
Unarmed Combat | |  3.0

Action                   |  1- 3 |  4- 6 || total
-------------------------+-------+-------++-------
Melee: Unarmed           |    78 |    56 ||   134
       Kick              |    17 |    11 ||    28
       Tentacles         |    10 |     4 ||    14
       Constrict         |    16 |    12 ||    28
       Punch             |     1 |     1 ||     2
 Cast: Beastly Appendage |    18 |    14 ||    32
       Spider Form       |       |     4 ||     4
 Stab: Sleeping          |     5 |     4 ||     9
Armor: Skin              |     5 |     1 ||     6
Dodge: Dodged            |    50 |    37 ||    87
